 Dungeon Crawl Stone Soup version 0.31-a0-848-gaac375c287 (webtiles) character file.

Game seed: 4809566365100321789

460 Kurtz the Scratcher (level 6, 0/28 HPs)
             Began as a Felid Delver on Oct 4, 2023.
             Slain by an ufetubus (3 damage)
             ... on level 4 of the Dungeon.
             The game lasted 00:04:14 (2430 turns).

Kurtz the Scratcher (Felid Delver)                  Turns: 2430, Time: 00:04:15

Health: 0/28       AC:  2    Str: 10    XL:     6   Next: 78%
Magic:  7/7        EV: 18    Int: 12    God:
Gold:   55         SH:  0    Dex: 17    Spells: 5/5 levels left
                                        Lives:  0   Deaths: 2

rFire   . .          .
                       - Unarmed
rCold   . . .        (shield unavailable)
rNeg    . . .        (body armour unavailable)
rPois   +            (helmet unavailable)
rElec   .            (cloak unavailable)
rCorr   .            (gloves unavailable)
SInv    +            (boots unavailable)
Will    .....        (no amulet)
Stlth   +++          h - ring of poison resistance
HPRegen 0.24/turn    (no ring)
MPRegen 0.10/turn

%: no passive effects
@: quick
A: very small, claws 1, fangs 3, see invisible, speed 1, shaggy fur 2, stealthy
paws, no weapons or thrown items, no armour, multi-lived
a: no special abilities


You were on level 4 of the Dungeon.
You visited 1 branch of the dungeon, and saw 4 of its levels.
You also visited: Sewer.

You collected 120 gold pieces.
You spent 65 gold pieces at shops.

Inventory:

Jewellery
 d - a ring of flight
 h - a ring of poison resistance (left paw)
Wands
 e - a wand of digging (3)
Scrolls
 a - a scroll of fog
 b - a scroll of revelation
 c - a scroll of fear
 f - a scroll of blinking {unknown}
 g - 3 scrolls of amnesia {unknown}
 i - 2 scrolls of teleportation
 j - a scroll of immolation {unknown}
 k - a scroll of vulnerability {unknown}
 n - 3 scrolls of identify
 o - a scroll of enchant weapon {unknown}
Potions
 l - a potion of might
 m - a potion of enlightenment {unknown}
 p - a potion of curing {unknown}


   Skills:
 * Level 3.5 Fighting
 * Level 3.7 Dodging
 - Level 6.6 Stealth
 * Level 6.8 Unarmed Combat


You had 5 spell levels left.
You didn't know any spells.
Your spell library contained the following spells:

 Spells                   Type           Power      Damage    Failure   Level
 Necrotise                Necr           0%         1d4       32%         1
 Ensorcelled Hibernation  Hex/Ice        0%         N/A       45%         2
 Jinxbite                 Hex            0%         N/A       45%         2
 Vampiric Draining        Necr           0%         2d6       69%         3
 Anguish                  Hex/Necr       0%         N/A       97%         4
 Agony                    Necr           0%         N/A       100%        5


Dungeon Overview and Level Annotations

Branches:
Dungeon (5/15)              Sewer (visited)
 Temple: D:4-7

Altars:
Elyvilon
Trog
Yredelemnul

Shops:
D:3 ?

Annotations:
D:3 exclusion: downstairs
D:4 Blork the orc, Menkaure


Innate Abilities, Weirdness & Mutations

You have sharp claws.
You have razor-sharp teeth.
You have supernaturally acute eyesight. (SInv)
You cover ground quickly. (Speed+)
You are covered in thick fur. (AC +2)
Your paws help you pounce on unaware monsters.
You are incapable of wielding weapons or throwing items.
You cannot wear armour.
You gain extra lives every three experience levels.


Message History

You start resting.
HP restored.
Things that are here:
an iguana corpse; a bullfrog corpse
There is a stone staircase leading down here.
Things that are here:
a +2 flail of protection; an orc corpse
There is a stone staircase leading down, spattered with blood here.
You see here the felid corpse of Kurtz.
You climb downwards.
Level annotation: Blork the orc, Menkaure
There is a stone staircase leading up, spattered with blood here.
Menkaure is nearby!
Menkaure shouts!
The ufetubus shouts!
You hear an angry hiss.
You barely miss Menkaure.
Menkaure mumbles some strange words.
Menkaure seems to speed up.
You scratch Menkaure.
Menkaure is lightly damaged.
The ufetubus misses you.
The ufetubus hits you but does no damage.
The ufetubus hits you. The ufetubus completely misses you.
Menkaure completely misses you.
You scratch Menkaure but do no damage.
Menkaure is lightly damaged.
The ufetubus hits you but does no damage.
The ufetubus misses you. Menkaure misses you.
You scratch Menkaure but do no damage. You bite Menkaure, but do no damage.
Menkaure is lightly damaged.
The ufetubus misses you. The ufetubus completely misses you.
Menkaure calls on the powers of darkness!
Your body is wracked with pain!
The iguana convulses!
The endoplasm convulses!
The ufetubus closely misses you. The ufetubus barely misses you.
You claw Menkaure! You claw Menkaure.
Menkaure is severely damaged.
The endoplasm hits you but does no damage.
Menkaure hits you!
* * * LOW HITPOINT WARNING * * *
The ufetubus hits you.
You die...

.........M#........###F #
#.......<.......... ##
#.###................. ..
#..................... ...
.......................>... ...
#. #......................
....#. #....!.................
....#.###....5>J...............
........l....M@.............
#...........................
...l.J...................... .
............#.###....†...# ...
..............###...<)...##....
#..............................
##..$##....######....#.........
#### ####.## ###.##.##......
#..## #.. .# .....


You could see Menkaure (fast), an iguana, an ufetubus and an endoplasm.

Vanquished Creatures
  Sigmund (D:3)
  Pargi (Sewer)
  A bullfrog (D:3)
  2 iguanas
  Robin (D:3)
  3 adders
  An ufetubus (D:4)
  A worm (D:2)
  A dart slug (D:2)
  An orc (D:3)
  5 endoplasms
  A giant cockroach (D:2)
  11 goblins
  5 hobgoblins
  2 jackals (Sewer)
  2 kobolds (D:3)
  4 quokkas
  4 ball pythons
  3 bats
  2 frilled lizards
  2 rats (D:3)
  A spectral orc (D:3)
55 creatures vanquished.

Notes
Turn   | Place    | Note
-------+----------+-------------------------------------------
     0 | D:5      | Kurtz the Felid Delver began the quest for the Orb.
     0 | D:5      | Reached XP level 1. HP: 10/10 MP: 2/2
    14 | D:4      | Noticed Blork the orc
    14 | D:4      | Noticed an iguana
    46 | D:4      | Noticed an iguana
    56 | D:4      | Noticed Menkaure
   198 | D:2      | Reached XP level 2. HP: 14/14 MP: 3/3
   395 | D:3      | Found a glowing drain.
   398 | D:3      | Noticed Sigmund
   406 | Sewer    | Entered a sewer
   528 | Sewer    | Reached XP level 3. HP: 16/17 MP: 4/4
   568 | Sewer    | Noticed Pargi
   579 | Sewer    | Slain by Pargi
   602 | Sewer    | Killed Pargi
   603 | Sewer    | Reached skill level 5 in Unarmed Combat
   603 | Sewer    | Reached XP level 4. HP: 10/21 MP: 5/5
   722 | D:3      | Found Tagrask's Magic Scroll Boutique.
   740 | D:3      | Found a white marble altar of Elyvilon.
  1037 | D:2      | Reached XP level 5. HP: 24/24 MP: 6/6
  1341 | D:3      | Bought a scroll of identify for 26 gold pieces
  1361 | D:3      | Bought a scroll of teleportation for 39 gold pieces
  1508 | D:3      | Killed Sigmund
  1509 | D:3      | Gained mutation: You are covered in thick fur. (AC +2)
                  | [Felid growth]
  1509 | D:3      | Reached XP level 6. HP: 28/28 MP: 7/7
  1674 | D:3      | Noticed Robin
  1774 | D:3      | Killed Robin
  1843 | D:3      | Found a bloodstained altar of Trog.
  2067 | D:3      | Found a basalt altar of Yredelemnul.
  2354 | D:3      | Slain by an iguana
  2430 | D:4      | Slain by an ufetubus

Illustrated notes

Levels and vault maps discovered:
D:2:      layout_rooms, minmay_puff
D:3:      layout_loops_corners, mainiacjoe_overflow_brackets,
          lemuel_round_altar, yredelemnul_forgotten_temple_becter, serial_shops,
          shop_fountains, cheibrodos_sewer_entry_drain,
          hangedman_abyss_or_decor_stabs, minmay_splitting_lines, uniq_sigmund,
          uniq_robin
D:4:      layout_rooms, zin_scriptorium, uniq_blork_the_orc, uniq_menkaure
D:5:      layout_cave_pools, mainiacjoe_overflow_alcove_4,
          minmay_temple_entry_large_hall, st_stairs_14, hangedman_glass_teeth

Skill      XL: |  1  2  3  4  5 |
---------------+----------------+-----
Unarmed Combat | 3 5 6 |  6.8
Dodging        | 3 |  3.7
Fighting       | |  3.5
Stealth        | |  6.6

Action                     |  1- 3 |  4- 6 || total
---------------------------+-------+-------++-------
  Melee: Unarmed           |    41 |    85 ||   126
         Bite              |     3 |    11 ||    14
         Punch             |     1 |     4 ||     5
    Use: Scroll            |     1 |       ||     1
         Potion            |     3 |       ||     3
   Stab: Sleeping          |     7 |     9 ||    16
         Distracted        |       |     1 ||     1
 Armour: Skin              |    27 |    28 ||    55
  Dodge: Dodged            |    66 |    59 ||   125

Table legend: (Time is in decaauts)
 A = Elapsed time spent in this place.
 B = Non-inter-level travel time spent in this place.
 C = Inter-level travel time spent in this place.
 D = Time resting spent in this place.
 E = Time spent auto-exploring this place.
 F = Levels seen in this place.
 G = Mean time per level.
                   A        B        C        D        E       F      G
               +--------+--------+--------+--------+--------+-----+--------+
         Total |   2100 |   1966 |    134 |    502 |    899 |   5 |  420.0 |
       Dungeon |   1814 |   1680 |    134 |    369 |    812 |   4 |  453.5 |
         Sewer |    286 |    286 |      0 |    133 |     87 |   1 |  286.0 |
               +--------+--------+--------+--------+--------+-----+--------+

Top non-repeatable levels by time:
     D:3: 1126 daAuts
     D:2: 571 daAuts
   Sewer: 286 daAuts
     D:4: 105 daAuts
     D:5: 11 daAuts
